 Dungeon Crawl Stone Soup version 0.31.0-1-g2c135a0 (webtiles) character file.

Game seed: 16520257691228202125

14464 Fuzzwah the Cleaver (level 11, -15/95 HPs)
             Began as a Minotaur Berserker on Feb 1, 2024.
             Was a High Priest of Trog.
             Demolished by a two-headed ogre
             ... wielding a +0 giant club
             ... summoned by the player character
              (42 damage)
             ... on level 1 of the Lair of Beasts.
             The game lasted 00:38:57 (9269 turns).

Fuzzwah the Cleaver (Minotaur Berserker)            Turns: 9269, Time: 00:38:57

Health: -15/95     AC: 14    Str: 21    XL:     11   Next: 89%
Magic:  10/10      EV: 20    Int:  4    God:    Trog [*****.]
Gold:   643        SH:  0    Dex: 13    Spells: 10/10 levels left

rFire   + . .        r - +4 great mace of Puomeg {venom, rF+ rC++ rN+ Str-2}
rCold   + + .        (shield currently unavailable)
rNeg    + . .        o - +0 chain mail
rPois   .            (helmet restricted)
rElec   .            q - +0 cloak
rCorr   .            j - +0 pair of gloves
SInv    .            (no boots)
Will    .....        (no amulet) Stlth
                     c - +5 ring of evasion
HPRegen 0.35/turn    w - +5 ring of evasion
MPRegen 0.12/turn

%: no passive effects
@: lethally poisoned (-15 -> -20)
A: horns 2, retaliatory headbutt
a: Renounce Religion, Berserk, Trog's Hand, Brothers in Arms


You were on level 1 of the Lair of Beasts.
You worshipped Trog.
Trog was extremely pleased with you.
You visited 2 branches of the dungeon, and saw 10 of its levels.

You collected 673 gold pieces.
You spent 30 gold pieces at shops.

Inventory:

Hand Weapons
 r - the +4 great mace of Puomeg (weapon) {venom, rF+ rC++ rN+ Str-2}
   (You acquired it on level 9 of the Dungeon)

   Str-2:     It affects your strength (-2).
   rF+:       It protects you from fire.
   rC++:      It greatly protects you from cold.
   rN+:       It protects you from negative energy.
Missiles
 g - 12 boomerangs (quivered)
 A - 11 poisoned darts
Armour
 j - a +0 pair of gloves (worn)
 o - a +0 chain mail (worn)
 q - a +0 cloak (worn)
 x - a +1 pair of gloves
Jewellery
 c - a +5 ring of evasion (left hand)
 w - a +5 ring of evasion (right hand)
Wands
 s - a wand of mindburst (7)
 t - a wand of light (9)
 v - a wand of digging (1)
 C - a wand of iceblast (3)
Scrolls
 d - a scroll of butterflies
 e - 6 scrolls of fog
 k - 3 scrolls of blinking
 p - 2 scrolls of fear
 y - a scroll of revelation
Potions
 f - a potion of might
 h - 2 potions of haste
 n - a potion of degeneration {unknown}
Miscellaneous
 a - a box of beasts


   Skills:
 + Level 8.7 Fighting
 - Level 2.4 Long Blades
 - Level 13.5(15.3) Axes
 * Level 12.0(14.6) Maces & Flails
 * Level 5.2 Throwing
 + Level 8.9 Armour
 + Level 4.9 Dodging
 + Level 2.6 Stealth


You had 10 spell levels left.
You didn't know any spells.
Your spell library was empty.

Dungeon Overview and Level Annotations

Branches:
Dungeon (9/15)             Temple (0/1) D:4            Lair (1/5) D:9
    Orc: D:9-12

Altars:
Dithmenos
Fedhas
Hepliaklqana
Kikubaaqudgha
Nemelex Xobeh
Okawaru
Qazlal
Uskayaw
Vehumet
Wu Jian
Xom
Yredelemnul
The Shining One

Shops:
D:9 [=?[

Annotations:
D:4 1 runed translucent door
Lair:1 1 transporter


Innate Abilities, Weirdness & Mutations

You have a pair of horns on your head.
You reflexively headbutt those who attack you in melee.


Message History

Keadol's ghost hits you.
You are more poisoned.
Your two-headed ogre goes berserk!
You feel very sick.
Keadol's ghost points at you and mumbles some strange words.
The ball explodes into a vile cloud!
The stinking cloud engulfs you but does no damage.
The stinking cloud engulfs Keadol's ghost but does no damage.
You closely miss Keadol's ghost.
Keadol's ghost is moderately damaged.
You are engulfed in noxious fumes.
You choke on the stench!
You are confused.
You feel very sick.
Keadol's ghost hits you but does no damage.
You are more poisoned.
Your two-headed ogre rages.
You bump into the stone wall.
You are engulfed in noxious fumes.
You feel less confused.
You feel very sick.
Your two-headed ogre hits Keadol's ghost with a +0 giant club!!!
Your two-headed ogre barely misses Keadol's ghost.
Keadol's ghost says, "Watch and be amazed!"
Keadol's ghost hits your two-headed ogre!
Your two-headed ogre is poisoned.
You are engulfed in noxious fumes.
You choke on the stench!
You are confused.
You feel very sick.
Your two-headed ogre hits Keadol's ghost with a +0 giant club!!
Keadol's ghost is destroyed!
Trog accepts your kill.
Trog appreciates your killing of a magic user.
Your base Maces & Flails skill increases to level 12!
You see here 16 gold pieces.
You feel less confused.
You feel very sick.
Your two-headed ogre is engulfed in noxious fumes.
Your two-headed ogre appears confused.
You see here a yak skeleton.
You start resting.
You feel sick.
You feel very sick.
Your two-headed ogre hits you with a +0 giant club!!!
You die...

..........##~.#..##.#.~##........
.........##....##.##....##..###..
.........#$#..##).?##$~#.#..###..
........©#.#.~#[.[..#..#.#©......
.........#.#...#..?##$~#.#.......
.........##..~.##?##....##.......
##...###..##..#.###.#~~##..####..
##...###P..##8°§O.$~.8##..#######
#....#.###..##°§@..$~##..###.####
.............##$###.##...........
..............##†©.##............
...............#####.............
###...######.#.......#####.#.#.##
##....# ####.....## #######
##...# #...### #...# ##...# #...#
#....## #


You could see a friendly two-headed ogre (summoned, berserk, confused, very
poisoned).

Vanquished Creatures
  2 two-headed ogres
  A skyshark (Lair:1)
  2 black mambas (Lair:1)
  8 cane toads (Lair:1)
  Maggie (Lair:1)
  A komodo dragon (Lair:1)
  A troll (D:9)
  A dream sheep (Lair:1)
  Eustachio (D:4)
  2 wyverns
  Grum (D:9)
  A basilisk (Lair:1)
  18 yaks
  3 steam dragons
  7 water moccasins
  3 sky beasts
  3 black bears
  An ice beast (D:7)
  An ogre (D:6)
  3 orc warriors
  8 wolves
  A centaur (D:6)
  5 phantoms
  2 kobold brigands
  4 bullfrogs
  2 scorpions (D:6)
  4 killer bees (D:7)
  4 bombardier beetles
  4 jellies
  6 hounds
  2 gnoll boudas
  A human skeleton (D:4)
  9 iguanas
  6 orc wizards
  17 gnolls
  11 adders
  A white imp (D:7)
  6 dart slugs
  2 ribbon worms (D:2)
  39 orcs
  8 ball pythons
  4 endoplasms
  4 giant cockroaches
  2 hobgoblins
  3 jackals (D:4)
  A quokka (D:1)
  7 bats
  A frilled lizard (D:1)
  9 goblins
  16 kobolds
  6 rats
256 creatures vanquished.

Vanquished Creatures (collateral kills)
  The ghost of Keadol the Thaumaturge, a journeyman DrCj of Vehumet (Lair:1)
1 creature vanquished.

Vanquished Creatures (others)
  A human (D:5)
  A howler monkey (D:9)
2 creatures vanquished.

Grand Total: 259 creatures vanquished

Notes
Turn   | Place    | Note
-------+----------+-------------------------------------------
     0 | D:1      | Fuzzwah the Minotaur Berserker began the quest for the Orb.
     0 | D:1      | Reached XP level 1. HP: 19/19 MP: 0/0
    12 | D:1      | Reached skill level 4 in Axes
    12 | D:1      | Reached XP level 2. HP: 19/27 MP: 1/1
   336 | D:1      | Reached XP level 3. HP: 33/33 MP: 2/2
   365 | D:1      | Reached ** piety under Trog
  1061 | D:2      | Reached skill level 5 in Axes
  1208 | D:2      | Reached XP level 4. HP: 40/40 MP: 3/3
  2097 | D:3      | Found a faded altar of an unknown god.
  2104 | D:3      | Noticed a black bear
  2114 | D:3      | Killed a black bear
  2115 | D:3      | Reached skill level 6 in Axes
  2115 | D:3      | Reached skill level 1 in Stealth
  2115 | D:3      | Reached XP level 5. HP: 47/47 MP: 4/4
  2266 | D:3      | Found a hazy altar of Hepliaklqana.
  2567 | D:4      | Noticed a phantom
  2568 | D:4      | Found a stormy altar of Qazlal.
  2578 | D:4      | Killed a phantom
  2579 | D:4      | Reached XP level 6. HP: 48/55 MP: 5/5
  2673 | D:4      | Found a staircase to the Ecumenical Temple.
  2700 | D:4      | Reached skill level 7 in Axes
  2708 | D:4      | Reached skill level 5 in Fighting
  2751 | D:4      | Reached XP level 7. HP: 49/61 MP: 6/6
  2754 | D:4      | Found a radiant altar of Vehumet.
  2865 | D:4      | Found a blossoming altar of Fedhas.
  2996 | D:4      | Noticed Eustachio
  3007 | D:4      | Killed Eustachio
  3008 | D:4      | Reached skill level 8 in Axes
  3465 | D:4      | Noticed a human
  3466 | D:4      | Found a runed translucent door.
  3470 | D:4      | Found a basalt altar of Yredelemnul.
  3474 | D:4      | Reached *** piety under Trog
  3475 | D:4      | Reached skill level 1 in Long Blades
  3618 | D:5      | Entered Level 5 of the Dungeon
  3669 | D:5      | Reached XP level 8. HP: 65/69 MP: 7/7
  3729 | D:5      | Reached skill level 5 in Armour
  3844 | D:5      | Reached skill level 9 in Axes
  4119 | D:5      | Found an ancient bone altar of Kikubaaqudgha.
  4686 | D:6      | Reached skill level 1 in Maces & Flails
  4698 | D:6      | Reached skill level 10 in Axes
  4698 | D:6      | Reached XP level 9. HP: 70/78 MP: 8/8
  5021 | D:6      | Reached **** piety under Trog
  5053 | D:6      | Reached skill level 5 in Maces & Flails
  5734 | D:7      | Reached XP level 10. HP: 86/86 MP: 9/9
  6034 | D:7      | Reached skill level 11 in Axes
  6037 | D:7      | Reached ***** piety under Trog
  6367 | D:8      | Found a glowing golden altar of the Shining One.
  6543 | D:8      | Identified the +0 short sword "Ikkon" {freeze, rCorr Dex+2}
  6553 | D:8      | Noticed a two-headed ogre
  6562 | D:8      | Killed a two-headed ogre
  6637 | D:8      | Found an iron altar of Okawaru.
  6903 | D:9      | Found Anler's Armour Shoppe.
  6927 | D:9      | Found Dopsuid's Jewellery Shop.
  6972 | D:9      | Reached skill level 12 in Axes
  7092 | D:9      | Noticed Grum
  7108 | D:9      | Killed Grum
  7151 | D:9      | Found a sparkling altar of Nemelex Xobeh.
  7223 | D:9      | Identified the +7 rapier "Beast's Funeral" {freeze, *Rage
                  | Will+ Int+4 SInv}
  7246 | D:9      | Found Uha Ehigg's Armour Emporium.
  7265 | D:9      | Found an ornate altar of the Wu Jian Council.
  7296 | D:9      | Found a hide-covered altar of Uskayaw.
  7438 | D:9      | Reached skill level 13 in Axes
  7439 | D:9      | Reached skill level 1 in Throwing
  7502 | D:9      | Found a staircase to the Lair.
  7544 | D:9      | Noticed a two-headed ogre
  7555 | D:9      | Killed a two-headed ogre
  7654 | D:9      | Found Ferodi's Magic Scroll Shoppe.
  7663 | D:9      | Bought a scroll of identify for 30 gold pieces
  7663 | D:9      | Identified a scroll of acquirement
  7664 | D:9      | Acquired the +4 great mace of Puomeg {venom, rF+ rC++ rN+
                  | Str-2}
  7755 | D:9      | Reached XP level 11. HP: 94/94 MP: 10/10
  7954 | D:9      | Found a shimmering altar of Xom.
  7954 | D:9      | Found a shadowy altar of Dithmenos.
  7987 | Lair:1   | Entered Level 1 of the Lair of Beasts
  8432 | Lair:1   | Found a transporter.
  8609 | Lair:1   | Noticed Keadol's ghost (journeyman DrCj)
  8613 | Lair:1   | Noticed a skyshark
  8624 | Lair:1   | Noticed Maggie
  8635 | Lair:1   | Killed Maggie
  8636 | Lair:1   | Reached skill level 10 in Maces & Flails
  8709 | Lair:1   | Found a transporter.
  9248 | Lair:1   | Killed a skyshark
  9249 | Lair:1   | Reached skill level 5 in Throwing
  9266 | Lair:1   | Killed Keadol's ghost
  9269 | Lair:1   | Demolished by a two-headed ogre

Illustrated notes

Levels and vault maps discovered:
D:1:      dpeg_arrival_rhombus, layout_loops_ring
D:2:      layout_basic
D:3:      layout_loops_ring, nicolae_hepliaklqana_hippocampus,
          ebering_ecumenical_altar_abandoned, corexii_corridor_pit
D:4:      layout_gridville, dk_yredelemnul_ordeal, overflow_temple_1_default,
          overflow_temple_1_default, mainiacjoe_overflow_24_doors,
          minmay_temple_entry_gardened_gates, uniq_eustachio
D:5:      minmay_octagon_keep, layout_basic, tgw_kikubaaqudgha
D:6:      minmay_bubble_buster, layout_gridville, hangedman_decor_push,
          minmay_misc_feat_nine_boxes
D:7:      layout_basic
D:8:      layout_loops_ring, okawaru_trees_2, mainiacjoe_overflow_chevrons
D:9:      layout_roguey, lemuel_crystal_altar, nicolae_wu_jian_glorious_leap,
          mainiacjoe_overflow_concentric_impassable,
          gammafunk_temple_overflow_statue, lair_entry_dummy, serial_shops,
          shop, nicolae_shop_temple_entry_statues_fountains,
          nicolae_shop_hallway_stairs, shop, uniq_grum
Lair:1:   layout_long_grid, nzn_ghost_randoct, minmay_hedge_maze,
          infiniplex_staircase_pool_2, uniq_maggie

Skill      XL: |  1  2  3  4  5  6  7  8  9 10 11 |
---------------+----------------------------------+-----
Axes           | 4 5 6 7 8 10 13 | 13.5
Fighting       | 4 5 6 7 8 |  8.7
Dodging        | 3 4 |  4.9
Stealth        | 1 2 |  2.6
Armour         | 3 4 6 7 8 |  8.9
Long Blades    | 2 |  2.4
Maces & Flails | 3 8 12 | 12.0
Throwing       | 3 5 |  5.2

Action                     |  1- 3 |  4- 6 |  7- 9 | 10-12 || total
---------------------------+-------+-------+-------+-------++-------
  Melee: Hand axe          |    56 |    80 |    35 |       ||   171
         Headbutt          |    11 |    10 |    34 |    44 ||    99
         Punch             |       |     3 |     2 |       ||     5
         Falchion          |       |       |    45 |       ||    45
         War axe           |       |       |    50 |       ||    50
         Morningstar       |       |       |    81 |       ||    81
         Battleaxe         |       |       |    27 |   124 ||   151
         Great mace        |       |       |       |   128 ||   128
  Throw: Boomerang         |       |       |       |    39 ||    39
 Invoke: Berserk           |       |     2 |     3 |     3 ||     8
         Brothers in Arms  |       |       |       |     1 ||     1
    Use: Scroll            |     5 |     1 |     3 |    12 ||    21
         Potion            |       |     3 |     3 |     5 ||    11
   Stab: Sleeping          |     2 |     2 |     1 |       ||     5
 Armour: Animal skin       |    31 |     6 |       |       ||    37
         Ring mail         |       |    43 |    84 |       ||   127
         Chain mail        |       |       |    48 |   128 ||   176
  Dodge: Dodged            |    42 |    73 |   172 |   246 ||   533
